 Dungeon Crawl Stone Soup version 0.21-a0-352-g5b8f553 (webtiles) character file.

702 Internecine the Charmwright (level 7, 0/56 HPs)
             Began as a Gnoll Skald on Oct 10, 2017.
             Killed from afar by Blork the orc (3 damage)
             ... with a puff of flame
             ... on level 5 of the Dungeon.
             The game lasted 00:30:45 (4171 turns).

Internecine the Charmwright (Gnoll Skald)           Turns: 4171, Time: 00:31:15

Health: 0/56       AC:  6    Str: 13    XL:     7   Next: 66%
Magic:  15/15      EV: 15    Int: 19    God:
Gold:   234        SH:  7    Dex: 16    Spells: 12/17 levels left

rFire    + . .     SeeInvis .   w - +0 whip (venom)
rCold    . . .     Gourm    .   h - +2 buckler
rNeg     + . .     Faith    .   A - +1 leather armour of Shadows and Fog {rF+ rN+ Int+3}
rPois    .         Spirit   .   (no helmet)
rElec    .         Reflect  .   (no cloak)
rCorr    .         Harm     .   (no gloves)
MR       .....                  (no boots)
Stlth    ++........             q - amulet of magic regeneration
HPRegen  0.18/turn              (no ring)
MPRegen  0.39/turn              (no ring)

@: about to teleport
A: distributed training, fangs 1, hooves 1, iridescent scales 1, blink, mutation
resistance 1, strong nose
a: Blink


You were on level 5 of the Dungeon.
You were hungry.

You visited 1 branch of the dungeon, and saw 5 of its levels.

You collected 234 gold pieces.

Inventory:

Hand Weapons
 a - a +0 falchion
 w - a +0 whip of venom (weapon)
 y - a +0 dagger of venom
Missiles
 f - 119 stones (quivered)
 g - 4 tomahawks
 i - 46 sling bullets
 l - 19 arrows
Armour
 b - a +0 leather armour
 h - a +2 buckler (worn)
 u - a cursed +0 leather armour
 v - a +0 chain mail
 x - a +0 shield
 A - the +1 leather armour of Shadows and Fog (worn) {rF+ rN+ Int+3}
   (You found it on level 4 of the Dungeon)

   It affects your intelligence (+3).
   It protects you from fire.
   It protects you from negative energy.
Magical Staves
 E - an uncursed staff of summoning {unknown}
Jewellery
 q - an amulet of magic regeneration (around neck)
 t - a +4 amulet of reflection {unknown}
Wands
 D - a wand of polymorph (14/24)
Scrolls
 e - 2 scrolls of remove curse
 k - 5 scrolls of identify
 m - 2 scrolls of teleportation
 n - 2 scrolls of magic mapping
 s - a scroll of enchant armour {unknown}
Potions
 j - a potion of might {unknown}
 o - a potion of haste {unknown}
 r - a potion of curing {unknown}
 z - a potion of resistance
Books
 c - a book of Battle

   Spells                             Type                      Level
   a - Infusion                       Charms                       1
   b - Shroud of Golubria             Charms/Translocation         2
   c - Song of Slaying                Charms                       2
   d - Spectral Weapon                Hexes/Charms                 3
   e - Regeneration                   Charms/Necromancy            3
 G - a book of Changes

   Spells                             Type                      Level
   a - Beastly Appendage              Transmutation                1
   b - Sticks to Snakes               Transmutation                2
   c - Spider Form                    Transmutation/Poison         3
   d - Ice Form                       Ice/Transmutation            4
   e - Blade Hands                    Transmutation                5
Comestibles
 d - 3 bread rations
 p - 4 fruits
 F - a royal jelly


   Skills:
 + Level 5.3 Fighting
 + Level 2.6 Short Blades
 + Level 5.3 Long Blades
 + Level 2.6 Axes
 + Level 2.6 Maces & Flails
 + Level 2.6 Polearms
 + Level 2.6 Staves
 + Level 2.6 Slings
 + Level 2.6 Bows
 + Level 2.6 Crossbows
 + Level 2.6 Throwing
 + Level 3.7 Armour
 + Level 5.3 Dodging
 + Level 2.6 Stealth
 + Level 2.6 Shields
 + Level 2.6 Unarmed Combat
 + Level 5.6 Spellcasting
 + Level 2.6 Conjurations
 + Level 2.6 Hexes
 + Level 7.1 Charms
 + Level 2.6 Summonings
 + Level 2.6 Necromancy
 + Level 2.6 Translocations
 + Level 2.6 Transmutations
 + Level 2.6 Fire Magic
 + Level 2.6 Ice Magic
 + Level 2.6 Air Magic
 + Level 2.6 Earth Magic
 + Level 2.6 Poison Magic
 + Level 2.6 Invocations
 + Level 2.6 Evocations


You had 12 spell levels left.
You knew the following spells:

 Your Spells              Type           Power        Failure   Level  Hunger
a - Infusion              Chrm           ####         1%          1    None
b - Shroud of Golubria    Chrm/Tloc      ###.......   3%          2    None
c - Song of Slaying       Chrm           ####....     1%          2    None


Dungeon Overview and Level Annotations

Branches:
Dungeon (5/15)
 Temple: D:4-7

Altars:
Ashenzari
Elyvilon
Qazlal
Sif Muna
Wu Jian
Yredelemnul

Annotations:
D:5 Blork the orc


Innate Abilities, Weirdness & Mutations

Your experience applies equally to all skills.
You have very sharp teeth.
Your uncanny sense of smell can sniff out nearby items.
You have large cloven feet.
You are partially covered in iridescent scales. (AC +2)
You can translocate small distances at will.
You are somewhat resistant to further mutation.


Message History

You closely miss the phantom.
The phantom is severely damaged.
The orc warrior misses you. The phantom hits you.
You hit the phantom. Your kick misses the phantom.
The phantom is almost destroyed.
The orc warrior hits you with a short sword!
* * * LOW HITPOINT WARNING * * *
Blork the orc drinks a potion.
Blork the orc suddenly seems more resistant.
The phantom hits you but does no damage.
As you read the scroll of teleportation, it crumbles to dust.
You feel strangely unstable. You block the orc warrior's attack.
You block the phantom's attack.
You hit the phantom.
The phantom is almost destroyed.
The orc warrior hits you with a short sword!
* * * LOW HITPOINT WARNING * * *
Blork the orc casts a spell at you. The puff of flame hits you! You resist.
You die...

. ....... ..# .
.......## ..# .
.......##...# .
#......#...###.. #
#..o...(.....[.
#...... ..).## #o..#
#...# #)@# #..##
##W.# #...####
###.((## #......
###....(.## ##......
#..(......# #...####
...........## ##..##
.......(....## #..##
...###....†..####..#
### #...#....##..##


You could see a phantom, Blork the orc and an orc warrior.

Vanquished Creatures
  2 centaurs (D:5)
  2 scorpions
  3 howler monkeys
  A jelly (D:4)
  An orc priest (D:3)
  A bullfrog skeleton (D:5)
  A worker ant (D:5)
  7 gnolls
  6 adders
  A shadow imp (D:5)
  An ooze (D:4)
  An adder skeleton (D:5)
  4 worms
  A dart slug (D:2)
  2 leopard geckos
  4 orcs
  6 giant cockroaches
  A hobgoblin (D:2)
  10 jackals
  A quokka (D:4)
  3 ball pythons
  7 bats
  2 frilled lizards
  3 goblins
  8 kobolds
  A leopard gecko skeleton (D:5)
  4 rats
84 creatures vanquished.

Notes
Turn   | Place    | Note
-------+----------+-------------------------------------------
     0 | D:1      | Internecine the Gnoll Skald began the quest for the Orb.
     0 | D:1      | Reached XP level 1. HP: 20/20 MP: 6/6
     6 | D:1      | Noticed a black mamba
     6 | D:1      | Noticed a polar bear
     7 | D:1      | Noticed a crocodile
     7 | D:1      | Noticed a wyvern
   238 | D:1      | Gained mutation: You have large cloven feet. [potion of mutation]
   238 | D:1      | Gained mutation: You are partially covered in iridescent scales. (AC +2) [potion of mutation]
   238 | D:1      | Gained mutation: You can translocate small distances at will. [potion of mutation]
   238 | D:1      | Gained mutation: You are somewhat resistant to further mutation. [potion of mutation]
   246 | D:1      | Reached XP level 2. HP: 19/26 MP: 7/7
   285 | D:1      | Learned a level 2 spell: Shroud of Golubria
   288 | D:1      | Learned a level 2 spell: Song of Slaying
   703 | D:2      | Reached skill level 5 in Spellcasting
   703 | D:2      | Reached XP level 3. HP: 28/31 MP: 7/9
   722 | D:2      | Found a shattered altar of Ashenzari.
   758 | D:2      | Reached skill level 1 in Short Blades
   758 | D:2      | Reached skill level 1 in Axes
   758 | D:2      | Reached skill level 1 in Maces & Flails
   758 | D:2      | Reached skill level 1 in Polearms
   758 | D:2      | Reached skill level 1 in Staves
   758 | D:2      | Reached skill level 1 in Slings
   758 | D:2      | Reached skill level 1 in Bows
   758 | D:2      | Reached skill level 1 in Crossbows
   758 | D:2      | Reached skill level 1 in Throwing
   758 | D:2      | Reached skill level 1 in Stealth
   758 | D:2      | Reached skill level 1 in Shields
   758 | D:2      | Reached skill level 1 in Unarmed Combat
   758 | D:2      | Reached skill level 1 in Conjurations
   758 | D:2      | Reached skill level 1 in Hexes
   758 | D:2      | Reached skill level 1 in Summonings
   758 | D:2      | Reached skill level 1 in Necromancy
   758 | D:2      | Reached skill level 1 in Translocations
   758 | D:2      | Reached skill level 1 in Transmutations
   758 | D:2      | Reached skill level 1 in Fire Magic
   758 | D:2      | Reached skill level 1 in Ice Magic
   758 | D:2      | Reached skill level 1 in Air Magic
   758 | D:2      | Reached skill level 1 in Earth Magic
   758 | D:2      | Reached skill level 1 in Poison Magic
   758 | D:2      | Reached skill level 1 in Invocations
   758 | D:2      | Reached skill level 1 in Evocations
   758 | D:2      | Reached XP level 4. HP: 9/38 MP: 7/11
  1173 | D:2      | Found an ornate altar of the Wu Jian Council.
  1296 | D:2      | Found a basalt altar of Yredelemnul.
  1391 | D:2      | Found a white marble altar of Elyvilon.
  1980 | D:3      | Reached XP level 5. HP: 43/43 MP: 12/12
  2330 | D:3      | Found a stormy altar of Qazlal.
  2597 | D:3      | Reached XP level 6. HP: 25/50 MP: 10/13
  2879 | D:4      | Got a fine leather armour
  2890 | D:4      | Identified the +1 leather armour of Shadows and Fog {rF+ rN+ Int+3} (You found it on level 4 of the Dungeon)
  3380 | D:4      | Reached skill level 5 in Fighting
  3380 | D:4      | Reached skill level 5 in Long Blades
  3380 | D:4      | Reached skill level 5 in Dodging
  3440 | D:4      | Found a deep blue altar of Sif Muna.
  3572 | D:4      | You fall through a shaft!
  3572 | D:5      | Entered Level 5 of the Dungeon
  4099 | D:5      | Reached XP level 7. HP: 52/56 MP: 15/15
  4129 | D:5      | Reached skill level 7 in Charms
  4166 | D:5      | Noticed Blork the orc
  4171 | D:5      | Killed from afar by Blork the orc

Vault maps used:
D:1:      onia_arrival_zoo_common
D:2:      kennysheep_ying_yang, ashenzari_conservatory_becter,
          lemuel_doored_altar
D:3:      nicolae_qazlal_eye_of_the_storm
D:4:      kennysheep_little_box, first_bread
D:5:      kennysheep_generic_room_14, uniq_blork_the_orc, uniq_grinder

Skill      XL: |  1  2  3  4  5  6  7 |
---------------+----------------------+-----
Spellcasting   | 5 |  5.6
Short Blades   | 1 2 |  2.6
Axes           | 1 2 |  2.6
Maces & Flails | 1 2 |  2.6
Polearms       | 1 2 |  2.6
Staves         | 1 2 |  2.6
Slings         | 1 2 |  2.6
Bows           | 1 2 |  2.6
Crossbows      | 1 2 |  2.6
Throwing       | 1 2 |  2.6
Stealth        | 1 2 |  2.6
Shields        | 1 2 |  2.6
Unarmed Combat | 1 2 |  2.6
Conjurations   | 1 2 |  2.6
Hexes          | 1 2 |  2.6
Summonings     | 1 2 |  2.6
Necromancy     | 1 2 |  2.6
Translocations | 1 2 |  2.6
Transmutations | 1 2 |  2.6
Fire Magic     | 1 2 |  2.6
Ice Magic      | 1 2 |  2.6
Air Magic      | 1 2 |  2.6
Earth Magic    | 1 2 |  2.6
Poison Magic   | 1 2 |  2.6
Invocations    | 1 2 |  2.6
Evocations     | 1 2 |  2.6
Armour         | 3 |  3.7
Fighting       | 5 |  5.3
Long Blades    | 5 |  5.3
Dodging        | 5 |  5.3
Charms         | 7 |  7.1

Action                   |  1- 3 |  4- 6 |  7- 9 || total
-------------------------+-------+-------+-------++-------
Melee: Falchion          |    62 |    99 |       ||   161
       Bite              |     8 |    26 |     3 ||    37
       Kick              |    14 |    64 |    18 ||    96
       Whip              |       |    67 |    47 ||   114
Throw: Stone             |       |    48 |     5 ||    53
 Cast: Infusion          |     1 |     1 |       ||     2
  Use: Potion            |     2 |       |     2 ||     4
       Scroll            |       |     4 |     1 ||     5
  Eat: Chunk             |       |     9 |       ||     9
       Fruit             |       |     1 |       ||     1
Armor: Leather armour    |     5 |    47 |     7 ||    59
Dodge: Dodged            |    43 |   117 |    45 ||   205
Block: Buckler           |    18 |    42 |    25 ||    85
       Rpst.: Falchion   |    11 |    30 |       ||    41

Table legend:
 A = Spawn XP
 B = Non-spawn XP
 C = Spawn XP percentage of total XP
 D = Spawn monster count
 E = Non-spawn monster count
 F = Spawn count percentage of total count
 G = Total turns spent on level
                    A         B        C        D         E        F      G
               +---------+---------+-------+---------+---------+-------+---------
         Total |       0 |    1003 |   0.0 |       0 |      84 |   0.0 |  4171
               +---------+---------+-------+---------+---------+-------+---------
           D:1 |       0 |      22 |   0.0 |       0 |       7 |   0.0 |   684
           D:2 |       0 |     140 |   0.0 |       0 |      26 |   0.0 |  1187
           D:3 |       0 |     197 |   0.0 |       0 |      22 |   0.0 |   828
           D:4 |       0 |     121 |   0.0 |       0 |       9 |   0.0 |   873
           D:5 |       0 |     523 |   0.0 |       0 |      20 |   0.0 |   599
               +---------+---------+-------+---------+---------+-------+---------
